 Dungeon Crawl Stone Soup version 0.22-a0-467-g5c5de1cb09 (webtiles) character file.

68 Manul the Firebug (level 4, -4/30 HPs)
             Began as a Demonspawn Wanderer on June 10, 2018.
             Slain by an adder (5 damage)
             ... on level 2 of the Dungeon.
             The game lasted 00:03:33 (1856 turns).

Manul the Firebug (Demonspawn Wanderer)             Turns: 1856, Time: 00:03:34

Health: -4/30      AC:  2    Str: 12    XL:     4   Next: 1%
Magic:  8/8        EV: 13    Int: 14    God:
Gold:   62         SH:  0    Dex: 13    Spells: 7/8 levels left

rFire    . . .     SeeInvis .   e - +0 dagger
rCold    . . .     Gourm    .   (no shield)
rNeg     . . .     Faith    .   d - +0 robe
rPois    .         Spirit   .   (no helmet)
rElec    .         Reflect  .   (no cloak)
rCorr    .         Harm     .   (no gloves)
MR       .....                  (no boots)
Stlth    ++........             (no amulet)
HPRegen  0.10/turn              (no ring)
MPRegen  0.11/turn              (no ring)

@: lethally poisoned (-4 -> -13)
A: claws 1, repulsion field 1, spiny 1
a: no special abilities


You were on level 2 of the Dungeon.
You were not hungry.

You visited 1 branch of the dungeon, and saw 2 of its levels.

You collected 62 gold pieces.

Inventory:

Hand Weapons
 e - a +0 dagger (weapon)
Armour
 d - a +0 robe (worn)
Jewellery
 b - a cursed ring of teleportation {unknown}
Scrolls
 c - a scroll of teleportation
 h - 2 scrolls of remove curse {unknown}
 j - a scroll of noise {unknown}
 k - 2 scrolls of enchant weapon {unknown}
Potions
 a - a potion of brilliance {unknown}
 g - 2 potions of magic {unknown}
 i - a potion of curing {unknown}
Comestibles
 f - 2 rations
 l - 5 chunks of flesh


   Skills:
 + Level 0.3 Fighting
 + Level 0.4 Short Blades
 + Level 0.6 Dodging
 + Level 1.5 Stealth
   Level 1.0 Shields
 + Level 2.8 Spellcasting
 + Level 1.0 Conjurations
   Level 2.1 Necromancy
 + Level 3.1 Fire Magic
   Level 1.0 Ice Magic


You had 7 spell levels left.
You knew the following spells:

 Your Spells              Type           Power        Failure   Level  Hunger
a - Flame Tongue          Conj/Fire      #....        10%         1    #......

Your spell library contained the following spells:

 Spells                   Type           Power        Failure   Level  Hunger
 Fireball                 Conj/Fire      #.........   95%         5    ######.
 Conjure Flame            Conj/Fire      #.......     28%         3    ###....
 Throw Flame              Conj/Fire      #.....       14%         2    ##.....
 Sticky Flame             Conj/Fire      #.......     67%         4    #####..
 Ignite Poison            Fire/Tmut/Pois #.......     38%         3    ###....
 Inner Flame              Hex/Fire       #.......     34%         3    ###....


Dungeon Overview and Level Annotations

Branches:
Dungeon (2/15)

Altars:


Innate Abilities, Weirdness & Mutations

You have sharp fingernails.
You are surrounded by a mild repulsion field. (EV +2)
You are partially covered in sharp spines.


Message History

a club; a goblin corpse
Found a shiny helmet.
The adder hisses angrily.
The adder closely misses you. The adder barely misses you.
The adder bites you but does no damage. The adder is struck by your spines.
The adder bites you.
* * * LOW HITPOINT WARNING * * *
You are poisoned.
The adder poisons you!
You feel sick. The adder bites you.
* * * LOW HITPOINT WARNING * * *
You are lethally poisoned!
The adder poisons you! The adder bites you but does no damage.
* * * LOW HITPOINT WARNING * * *
You feel sick. The adder bites you.
* * * LOW HITPOINT WARNING * * *
* * * LOW HITPOINT WARNING * * *
You feel sick. The adder bites you.
You die...

.. # .. #.#. #.#.#
#.[..### ##
#......###...#
#.....S...... #.@#
.##.## #..# # ...
..# #..# #... ..#
#..# #.# ##..#
#.)##.#.##...
###..#.# .#.#
#.....## ##..#
#.#..#.###...###.#
#.#.....#.#......#


You could see an adder.

Vanquished Creatures
  2 adders (D:2)
  An ooze (D:2)
  A dart slug (D:2)
  A leopard gecko (D:1)
  A giant cockroach (D:2)
  6 goblins
  5 hobgoblins
  3 jackals (D:1)
  5 kobolds
  11 bats
  4 rats
40 creatures vanquished.

Notes
Turn   | Place    | Note
-------+----------+-------------------------------------------
     0 | D:1      | Manul the Demonspawn Wanderer began the quest for the Orb.
     0 | D:1      | Manul set off with: a scroll of teleportation, a +0 robe, a +0 dagger, a ration
     0 | D:1      | Reached XP level 1. HP: 13/13 MP: 3/3
     2 | D:1      | Learned a level 1 spell: Flame Tongue
   213 | D:1      | Gained mutation: You have sharp fingernails. [demonic ancestry]
   213 | D:1      | Reached XP level 2. HP: 15/19 MP: 0/5
   410 | D:1      | Reached skill level 3 in Fire Magic
  1180 | D:1      | Gained mutation: You are partially covered in sharp spines. [demonic ancestry]
  1180 | D:1      | Reached XP level 3. HP: 18/24 MP: 1/7
  1845 | D:2      | Reached skill level 1 in Conjurations
  1845 | D:2      | Gained mutation: You are surrounded by a mild repulsion field. (EV +2) [demonic ancestry]
  1845 | D:2      | Reached XP level 4. HP: 9/30 MP: 8/8
  1856 | D:2      | HP: 1/30 [poisoned by an adder]
  1856 | D:2      | Slain by an adder

Vault maps used:
D:1:      scummos_arrival_simple_crosswalls, minmay_misc_feat_x, st_stairs_3,
          minmay_tall_x
D:2:      marbit_many_paths, vehumet_crystals

Skill      XL: |  1  2  3 |
---------------+----------+-----
Fire Magic     | 3 |  3.1
Conjurations   | 1 |  1.0
Fighting       | |  0.3
Short Blades   | |  0.4
Dodging        | |  0.6
Stealth        | |  1.5
Shields        | |  1.0
Spellcasting   | |  2.8
Necromancy     | |  2.1
Ice Magic      | |  1.0

Action                   |  1- 3 |  4- 6 || total
-------------------------+-------+-------++-------
Melee: Dagger            |    46 |       ||    46
 Cast: Flame Tongue      |    52 |       ||    52
 Stab: Sleeping          |     2 |       ||     2
  Eat: Chunk             |     4 |       ||     4
Armor: Robe              |    27 |     2 ||    29
Dodge: Dodged            |    71 |     2 ||    73

Table legend:
 A = Spawn XP
 B = Non-spawn XP
 C = Spawn XP percentage of total XP
 D = Spawn monster count
 E = Non-spawn monster count
 F = Spawn count percentage of total count
 G = Total turns spent on level
                    A         B        C        D         E        F      G
               +---------+---------+-------+---------+---------+-------+---------
         Total |       0 |      98 |   0.0 |       0 |      40 |   0.0 |  1856
               +---------+---------+-------+---------+---------+-------+---------
           D:1 |       0 |      41 |   0.0 |       0 |      24 |   0.0 |  1396
           D:2 |       0 |      57 |   0.0 |       0 |      16 |   0.0 |   460
               +---------+---------+-------+---------+---------+-------+---------
